 Dungeon Crawl Stone Soup version 0.26-a0-651-gb41185065b (webtiles) character file.

Game seed: 4740735582391530475

21 Inarius the Skirmisher (level 2, -1/26 HPs)
             Began as a Draconian Chaos Knight on Oct 30, 2020.
             Was a Plaything of Xom.
             Slain by an ogre (10 damage)
             ... on level 2 of the Dungeon.
             The game lasted 00:00:44 (808 turns).

Inarius the Skirmisher (Draconian Chaos Knight)      Turns: 808, Time: 00:00:44

Health: -1/26      AC:  4    Str: 14    XL:     2   Next: 62%
Magic:  0/2        EV:  9    Int: 12    God:    Xom [...*..]
Gold:   51         SH:  6    Dex: 10    Spells: 1/1 levels left

rFire    . . .     SeeInvis .   a - +0 hand axe (chaos)
rCold    . . .     Faith    .   c - +0 kite shield
rNeg     . . .     Spirit   +   (armour unavailable)
rPois    .         Reflect  .   (helmet restricted)
rElec    .         Harm     .   (no cloak)
rCorr    .         Rampage  .   (no gloves)
MR       .....                  (no boots)
Stlth    +.........             b - amulet of guardian spirit
HPRegen  0.08/turn              (no ring)
MPRegen  0.08/turn              (no ring)

@: no status effects
A: unfitting armour, cold-blooded, AC +4
a: Renounce Religion


You were on level 2 of the Dungeon.
You worshipped Xom.
You were a favourite toy of Xom.
You visited 1 branch of the dungeon, and saw 2 of its levels.

You collected 51 gold pieces.

Inventory:

Hand Weapons
 a - a +0 hand axe of chaos (weapon)
Armour
 c - a +0 kite shield (worn)
Jewellery
 b - an amulet of guardian spirit (around neck)
 h - a +4 ring of evasion {unknown}
Scrolls
 d - a scroll of amnesia {unknown}
 e - a scroll of fear {unknown}
Potions
 f - 2 potions of resistance {unknown}
 g - a potion of flight {unknown}


   Skills:
 + Level 3.6 Fighting
 * Level 3.6 Axes
 + Level 2.2 Dodging


You had one spell level left.
You didn't know any spells.
Your spell library was empty.

Dungeon Overview and Level Annotations

Branches:
Dungeon (2/15)

Altars:


Innate Abilities, Weirdness & Mutations

Your plain brown scales are hard. (AC +4)
You cannot fit into any form of body armour.
You are cold-blooded and may be slowed by cold attacks.


Message History

You are too injured to fight recklessly!
You are too injured to fight recklessly!
You are too injured to fight recklessly!
You are too injured to fight recklessly!
You are too injured to fight recklessly!
You are too injured to fight recklessly!
You are too injured to fight recklessly!
You are too injured to fight recklessly!
You are too injured to fight recklessly!
A bat and a howler monkey come into view.
An adder comes into view.
The howler monkey howls!
The adder hisses angrily.
You block the bat's attack. The bat hits you.
There is a stone staircase leading up here.
The bat hits you.
The howler monkey hoots and howls with incredible vigour!
The ogre hits you!
You die...
Xom thinks this is hilarious!

#.## ......# .#
..# ......# ...
#.# .....##
....###.##.......
...........h.....
#......#S.......
######..........
#####bO......#.
#....@......##
#...######.##...
#..... .# ####
#..#...# .# ∆
#.#..... ..
#......... .
...#....... ..
#........


You could see an ogre (agile), a howler monkey (catching breath), an adder and a
bat.

Vanquished Creatures
  4 bats (D:1)
  A giant cockroach (D:1)
  5 goblins (D:1)
  3 hobgoblins (D:1)
  3 kobolds (D:1)
  3 rats (D:1)
19 creatures vanquished.

Notes
Turn   | Place    | Note
-------+----------+-------------------------------------------
     0 | D:1      | Inarius the Draconian Chaos Knight began the quest for the
                  | Orb.
     0 | D:1      | Reached XP level 1. HP: 19/19 MP: 1/1
   109 | D:1      | Reached XP level 2. HP: 17/26 MP: 0/2
   376 | D:1      | XOM: enchant monster (bad)
   494 | D:1      | XOM: silly message
   787 | D:2      | XOM: divination: detect items
   792 | D:2      | Noticed an ogre
   792 | D:2      | a worm changed into an ogre
   803 | D:2      | Noticed a howler monkey
   808 | D:2      | Slain by an ogre

Illustrated notes

Levels and vault maps discovered:
D:1:      scummos_arrival_forest, layout_basic, st_stairs_4
D:2:      layout_rooms, uniq_terence

Action                   || total
-------------------------++-------
Melee: Hand axe          ||    57
       Tailslap          ||     3
Armor: Skin              ||    27
Dodge: Dodged            ||    39
Block: Kite shield       ||     8

Table legend: (Time is in decaauts)
 A = Elapsed time spent in this place.
 B = Non-inter-level travel time spent in this place.
 C = Inter-level travel time spent in this place.
 D = Time resting spent in this place.
 E = Time spent auto-exploring this place.
 F = Levels seen in this place.
 G = Mean time per level.
                   A        B        C        D        E       F      G
               +--------+--------+--------+--------+--------+-----+--------+
         Total |    816 |    800 |     16 |      0 |    632 |   2 |  408.0 |
       Dungeon |    816 |    800 |     16 |      0 |    632 |   2 |  408.0 |
               +--------+--------+--------+--------+--------+-----+--------+

Top non-repeatable levels by time:
     D:1: 794 daAuts
     D:2: 21 daAuts
